 Dungeon Crawl Stone Soup version 0.29.0-4-gdea44cf6ec (webtiles) character file.

Game seed: 8887035378091724540

33 qw the Chopper (level 3, 0/21 HPs)
             Began as a Tengu Warper on Aug 28, 2022.
             Slain by Terence
             ... wielding a +0 flail
              (7 damage)
             ... on level 2 of the Dungeon.
             The game lasted 00:00:05 (1035 turns).

qw the Chopper (Tengu Warper)                       Turns: 1035, Time: 00:00:06

Health: 0/21       AC:  6    Str: 13    XL:     3   Next: 29%
Magic:  7/7        EV:  9    Int: 13    God:
Gold:   72         SH:  0    Dex: 13    Spells: 6/6 levels left

rFire   . . .      SeeInvis .   Y - +0 hand axe
rCold   . . .      Faith    .   (no shield)
rNeg    . . .      Spirit   .   i - +0 scale mail
rPois   .          Reflect  .   (helmet restricted)
rElec   .          Harm     .   (no cloak)
rCorr   .          Rampage  .   (no gloves)
Will    .....                   (boots unavailable)
Stlth   ..........              (no amulet)
HPRegen 0.07/turn               (no ring)
MPRegen 0.10/turn               (no ring)

@: no status effects
A: beak, talons 3
a: no special abilities


You were on level 2 of the Dungeon.
You visited 1 branch of the dungeon, and saw 2 of its levels.

You collected 72 gold pieces.


Innate Abilities, Weirdness & Mutations

You have a beak for a mouth.
You have claws for feet.


   Skills:
 - Level 2.0 Fighting
 + Level 4.0 Axes
 - Level 1.0 Throwing
 - Level 1.1 Armour
 - Level 2.1 Dodging
 - Level 2.0 Spellcasting
 - Level 2.4 Translocations


You had 6 spell levels left.
You didn't know any spells.
Your spell library contained the following spells:

 Spells                   Type           Power      Damage    Failure   Level
 Blink                    Tloc           14%        N/A       56%         2
 Gell's Gravitas          Tloc           7%         N/A       80%         3
 Lesser Beckoning         Tloc           7%         N/A       80%         3
 Teleport Other           Tloc           7%         N/A       80%         3
 Manifold Assault         Tloc           7%         N/A       100%        5

Inventory:

Hand Weapons
 l - a +0 club
 Y - a +0 hand axe (weapon)
Missiles
 e - 3 boomerangs (quivered)
Armour
 i - a +0 scale mail (worn)
Scrolls
 b - a scroll of butterflies {unknown}
 c - a scroll of enchant weapon {unknown}
 d - a scroll of teleportation {unknown}
 h - a scroll of noise {unknown}
 j - a scroll of amnesia {unknown}
 k - a scroll of vulnerability {unknown}
Potions
 a - 2 potions of lignification {unknown}
 f - a potion of might {unknown}
 g - a potion of curing {unknown}

Dungeon Overview and Level Annotations

Branches:
Dungeon (2/15)

Altars:

Shops:
D:1 *

Annotations:
D:2 Terence


Message History

k - a scroll labelled RISMYUN APPIURCH A goblin comes into view.
It is wielding a +0 club.
The goblin shouts!
You hit the goblin.
The goblin is heavily wounded.
The goblin hits you but does no damage.
You hit the goblin.
You kill the goblin!
Your Axes skill increases to level 4!
l - a +0 club Terence and a hobgoblin come into view.
The hobgoblin shouts!
Terence bares his teeth.
Throw: 3 boomerangs
Press: ? - help, Q - select action Shift-Dir - straight line, f - hobgoblin You throw a boomerang.
The boomerang hits the hobgoblin but does no damage.
You hit the hobgoblin. You peck the hobgoblin.
You kill the hobgoblin!
You hit Terence but do no damage. Your peck misses Terence.
Terence hits you but does no damage.
You barely miss Terence. You claw Terence, but do no damage.
Terence barely misses you.
You barely miss Terence.
Terence shouts, "Get ready for death!"
Terence closely misses you.
You barely miss Terence. You claw Terence!
Terence is heavily wounded.
Terence barely misses you.
You closely miss Terence. Your kick misses Terence.
Terence is heavily wounded.
Terence closely misses you.
You hit Terence. You claw Terence, but do no damage. Your peck misses Terence.
Terence is almost dead.
Terence hits you with a +0 flail.
You hit Terence but do no damage. You claw Terence, but do no damage.
Your peck misses Terence.
Terence is almost dead.
Terence hits you with a +0 flail! x2
You die...

#....# #......#
#.%..# ######.#
#....# ####.#
#....#####....##
#....#.........#
###'##.###.###.# #.#
#...#.# #.# #...#.##
####.# #...@..#
#....# ##.@####
#....##.## #..
###....##....... .
+.......#####.
###....##.#####.
##<.....#.#.. ..
#####...#.#.# ## .#
#..##.#.############


You could see Terence.

Vanquished Creatures
  A worm (D:2)
  A dart slug (D:1)
  6 endoplasms
  2 goblins
  2 hobgoblins
  2 quokkas (D:1)
  3 ball pythons
  A bat (D:1)
  A frilled lizard (D:2)
  5 kobolds
  3 rats
27 creatures vanquished.

Notes
Turn   | Place    | Note
-------+----------+-------------------------------------------
     0 | D:1      | qw the Tengu Warper began the quest for the Orb.
     0 | D:1      | Reached XP level 1. HP: 12/12 MP: 4/4
     0 | D:1      | 0 ||| qw: Version: 0.1-a-89-g26bdef1
     0 | D:1      | 0 ||| qw: Game counter: 3190
     0 | D:1      | 0 ||| qw: Always use a shield: true
     0 | D:1      | 0 ||| qw: God list: Okawaru
     0 | D:1      | 0 ||| qw: Allow faded altars: false
     0 | D:1      | 0 ||| qw: Do Orc after D:15 true
     0 | D:1      | 0 ||| qw: Do second Lair branch before Depths: true
     0 | D:1      | 0 ||| qw: Lair rune preference: random
     0 | D:1      | 0 ||| qw: Plans: Normal
     0 | D:1      | 0 ||| PLANNING D:1-11
   307 | D:1      | Reached XP level 2. HP: 17/17 MP: 6/6
   339 | D:1      | Reached skill level 3 in Axes
   581 | D:1      | Found Xozifebb's General Store.
   589 | D:1      | 589 ||| SHOPLISTING +0 whip (27 gold, have 9).
   589 | D:1      | 589 ||| SHOPLISTING scroll of teleportation (33 gold, have
                  | 9).
   689 | D:1      | 689 ||| UPGRADING to +0 ring mail.
   699 | D:1      | 699 ||| DROPPING +0 leather armour.
   700 | D:1      | 700 ||| UPGRADING to +0 scale mail.
   710 | D:1      | 710 ||| DROPPING +0 ring mail.
   711 | D:1      | 711 ||| READING scroll labelled GAIDOU HEFON.
   712 | D:1      | 712 ||| DROPPING scroll of blinking.
   793 | D:2      | Reached XP level 3. HP: 18/21 MP: 7/7
   934 | D:2      | Found a faded altar of an unknown god.
   948 | D:2      | Identified the +7 falchion of Bile {flame, rElec rF+ Dex-3}
  1015 | D:2      | Reached skill level 4 in Axes
  1024 | D:2      | Noticed Terence
  1035 | D:2      | Slain by Terence

Levels and vault maps discovered:
D:1:      amcnicky_arrival_underground_garden, layout_basic, serial_shops,
          nicolae_shop_hallway_stairs
D:2:      layout_basic, hellmonk_ecumenical_altar_lost_god, minmay_distorted,
          uniq_terence

Skill      XL: |  1  2  3 |
---------------+----------+-----
Axes           | 3 4 |  4.0
Fighting       | |  2.0
Throwing       | |  1.0
Armour         | |  1.1
Dodging        | |  2.1
Spellcasting   | |  2.0
Translocations | |  2.4

Action                   || total
-------------------------++-------
Melee: Hand axe          ||    35
       Kick              ||    10
       Peck              ||     4
Throw: Boomerang         ||    37
  Use: Scroll            ||     1
 Stab: Sleeping          ||     1
Armor: Scale mail        ||     6
       Leather armour    ||     1
Dodge: Dodged            ||    16

Table legend:
 A = Non-vault XP
 B = Vault XP
 C = Vault XP percentage of total XP
 D = Non-vault monster count
 E = Vault monster count
 F = Vault count percentage of total count
                 A         B        C        D         E       F
            +---------+---------+-------+---------+---------+-------
      Total |      44 |       4 |   8.3 |      25 |       2 |   7.4
            +---------+---------+-------+---------+---------+-------
        D:1 |      26 |       0 |   0.0 |      15 |       0 |   0.0
        D:2 |      18 |       4 |  18.2 |      10 |       2 |  16.7
            +---------+---------+-------+---------+---------+-------
